 Dungeon Crawl Stone Soup version 0.31-a0-702-gf82c85558f (webtiles) character file.

Game seed: 18149160379612040178

18 qw the Shooter (level 2, -1/17 HPs)
             Began as a Gargoyle Hunter on Sept 8, 2023.
             Slain by Terence
             ... wielding a +0 short sword
              (3 damage)
             ... on level 2 of the Dungeon.
             The game lasted 00:00:13 (771 turns).

qw the Shooter (Gargoyle Hunter)                     Turns: 771, Time: 00:00:13

Health: -1/17      AC:  6    Str: 14    XL:     2   Next: 70%
Magic:  2/2        EV: 11    Int:  9    God:
Gold:   40         SH:  0    Dex: 13    Spells: 1/1 levels left

rFire   . . .        Y - +0 shortbow
rCold   . . .        (shield currently unavailable)
rNeg    + . .        c - +0 leather armour
rPois   inf          (no helmet)
rElec   +            d - +0 cloak
rCorr   .            (no gloves)
SInv    .            (no boots)
Will    .....        (no amulet)
Stlth   +            (no ring)
HPRegen 0.22/turn    (no ring)
MPRegen 0.08/turn

%: no passive effects
@: no status effects
A: sickness immunity, AC +2, negative energy resistance 1, electricity
resistance, torment resistance 1, petrification resistance
a: no special abilities


You were on level 2 of the Dungeon.
You visited 1 branch of the dungeon, and saw 2 of its levels.

You collected 40 gold pieces.


Innate Abilities, Weirdness & Mutations

You are immune to sickness and miasma.
Your stone body is resilient. (AC +2)
You are immune to poison.
You resist negative energy. (rN+)
You are resistant to electric shocks. (rElec)
You are resistant to unholy torment.
You are immune to petrification.


   Skills:
 - Level 2.1 Fighting
 + Level 4.7 Ranged Weapons
 - Level 1.5 Dodging
 - Level 1.1 Stealth


You had one spell level left.
You didn't know any spells.
Your spell library was empty.

Inventory:

Hand Weapons
 Y - a +0 shortbow (weapon)
Armour
 c - a +0 leather armour (worn)
 d - a +0 cloak (worn)
Potions
 e - a potion of degeneration {unknown}

Dungeon Overview and Level Annotations

Branches:
Dungeon (2/15)

Altars:

Shops:
D:1 [

Annotations:
D:2 Terence


Message History

You shoot an arrow. The arrow barely misses Terence.
Terence hits you with a +0 short sword.
You shoot an arrow. The arrow closely misses Terence.
You hear a shout!
Terence hits you with a +0 short sword.
You shoot an arrow. The arrow hits Terence.
Terence is moderately wounded.
The adder barely misses you. Terence barely misses you.
764 |||
Found retreat position at 2,0 (floor) with 0 blocking monsters and 3 monsters attacking at destination at distance 2
764 ||| Stepping ~*~*~tactically~*~*~ (retreating).
The adder attacks as it pursues you! The adder barely misses you.
Terence hits you with a +0 short sword. The adder bites you.
765 |||
Found retreat position at 1,0 (floor) with 0 blocking monsters and 3 monsters attacking at destination at distance 1
765 ||| Stepping ~*~*~tactically~*~*~ (retreating).
Terence attacks as he pursues you! Terence hits you with a +0 short sword.
You shoot an arrow. The arrow barely misses Terence.
The arrow hits the kobold but does no damage.
The adder misses you. Terence closely misses you. The adder misses you.
You shoot an arrow. The arrow barely misses Terence.
The arrow hits the kobold.
You kill the kobold!
Terence barely misses you. The adder closely misses you.
Terence closely misses you.
You shoot an arrow.
The arrow hits Terence but does no damage.
Terence is moderately wounded.
The adder closely misses you. Terence hits you with a +0 short sword.
The adder closely misses you.
You shoot an arrow. The arrow closely misses Terence.
The arrow hits the ball python skeleton but does no damage.
The adder bites you but does no damage. Terence misses you.
You shoot an arrow. The arrow hits Terence.
Terence is moderately wounded.
The adder closely misses you. Terence hits you with a +0 short sword.
The adder bites you but does no damage.
You shoot an arrow. The arrow hits Terence.
Terence is heavily wounded.
The adder bites you.
Terence shouts, "ATTACK!!!"
Terence hits you with a +0 short sword.
You die...

.......###.
..........
..........
.........#
...[.....#
.....Z...######
.........!!.K.Z
.....#<####
........Z@@#
+###.....S.#
#.......#
##+######


You could see Terence, an adder and a ball python skeleton.

Vanquished Creatures
  A dart slug (D:1)
  2 endoplasms (D:1)
  A giant cockroach (D:1)
  3 hobgoblins (D:1)
  A quokka (D:1)
  A ball python (D:1)
  A bat (D:1)
  A frilled lizard (D:1)
  A goblin (D:1)
  2 kobolds
  3 rats (D:1)
17 creatures vanquished.

Notes
Turn   | Place    | Note
-------+----------+-------------------------------------------
     0 | D:1      | qw the Gargoyle Hunter began the quest for the Orb.
     0 | D:1      | Reached XP level 1. HP: 12/12 MP: 1/1
     0 | D:1      | 0 ||| qw: Version: 0.3-a-76-g4403597
     0 | D:1      | 0 ||| qw: Game counter: 1075
     0 | D:1      | 0 ||| qw: Melee chars always use a shield: true
     0 | D:1      | 0 ||| qw: God list: Okawaru
     0 | D:1      | 0 ||| qw: Allow faded altars: false
     0 | D:1      | 0 ||| qw: Do Orc after clearing Dungeon:15 true
     0 | D:1      | 0 ||| qw: Do second Lair branch before Depths: true
     0 | D:1      | 0 ||| qw: Lair rune preference: random
     0 | D:1      | 0 ||| qw: Goals: Normal
     0 | D:1      | 0 ||| PLANNING D:1-11
   127 | D:1      | Found Kidioff's Antique Armour Shop.
   131 | D:1      | Reached XP level 2. HP: 17/17 MP: 2/2
   138 | D:1      | 138 ||| SHOPLISTING ring mail (92 gold, have 34).
   730 | D:1      | 730 ||| UPGRADING to +0 cloak.
   735 | D:1      | 735 ||| READING scroll labelled LEFIHO ZEMEIG.
   736 | D:1      | 736 ||| DROPPING scroll of butterflies.
   757 | D:2      | Noticed Terence
   758 | D:2      | 758 ||| RETREATING.
   764 | D:2      | 764 ||| Stepping ~*~*~tactically~*~*~ (retreating).
   765 | D:2      | 765 ||| Stepping ~*~*~tactically~*~*~ (retreating).
   768 | D:2      | HP: 4/17 [Terence/+0 short sword (5)]
   771 | D:2      | Slain by Terence

Levels and vault maps discovered:
D:1:      dpeg_arrival_rhombus, layout_basic, serial_shops, shop
D:2:      layout_basic, serial_undead, serial_undead_d, serial_undead_f,
          serial_undead_c, serial_undead_f, serial_undead_e, serial_undead_b,
          serial_undead_a, serial_undead_f, serial_undead_c, serial_undead_c,
          uniq_terence

Action                     || total
---------------------------++-------
   Fire: Shortbow          ||    49
    Use: Scroll            ||     1
 Armour: Leather armour    ||    17
  Dodge: Dodged            ||    16

Table legend:
 A = Non-vault XP
 B = Vault XP
 C = Vault XP percentage of total XP
 D = Non-vault monster count
 E = Vault monster count
 F = Vault count percentage of total count
                 A         B        C        D         E       F
            +---------+---------+-------+---------+---------+-------
      Total |      27 |       0 |   0.0 |      17 |       0 |   0.0
            +---------+---------+-------+---------+---------+-------
        D:1 |      26 |       0 |   0.0 |      16 |       0 |   0.0
        D:2 |       1 |       0 |   0.0 |       1 |       0 |   0.0
            +---------+---------+-------+---------+---------+-------
